Map: Beckett Industries LE

Players

Pumba - Winner!

  • Race: Zerg Zerg
  • League: Diamond
  • Spawn Location: 1:00

DuragManny

  • Race: Zerg Zerg
  • League: Diamond
  • Spawn Location: 7:00

VOD

Have the link to the VOD?

Description

Time

  • Played on: Aug. 10, 2021, 8:24 p.m.
  • Length: 12:16
Show
View Real Time Build Order
Export as new Build Order

Pumba Zerg - Winner!

Build Orders: Hatch First, Zergling Baneling 

Get SALT Encoding   

  12  0:00  Drone  
  13  0:12  Overlord  
  13  0:17  Drone  
  14  0:32  Drone x2  
  14  0:35  Drone  
  17  0:52  Hatchery  
  17  0:56  Drone  
  17  1:09  Spawning Pool  
  16  1:12  Extractor  
  16  1:15  Drone  
  16  1:18  Drone  
  17  1:20  Drone  
  18  1:29  Drone  
  19  1:40  Overlord  
  19  1:52  Drone  
  20  2:00  Queen  
  22  2:01  Zergling x2  
  22  2:04  Queen  
  22  2:05  Drone  
  27  2:15  Metabolic Boost, Drone  
  27  2:18  Drone  
  28  2:26  Drone  
  28  2:27  Drone  
  30  2:36  Drone  
  31  2:45  Hatchery  
  31  2:46  Drone  
  31  2:57  Drone x2  
  32  3:00  Baneling Nest, Drone  
  32  3:04  Overlord  
  32  3:08  Overlord  
  32  3:12  Zergling x8  
  36  3:24  Zergling x6  
  36  3:25  Overlord  
  39  3:35  Zergling x4  
  41  3:44  Baneling  
  41  3:46  Zergling x10  
  46  3:52  Zergling x6  
  49  3:56  Baneling x5  
  45  4:05  Zergling x8  
  48  4:18  Zergling x2  
  48  4:19  Zergling x12  
  53  4:26  Baneling x2  
  53  4:28  Baneling  
  48  4:37  Zergling x14  
  55  4:59  Drone  
  55  6:13  Baneling x2  
  55  6:14  Baneling x2  
  55  6:15  Baneling  
  55  6:41  Zergling x20  
  55  6:44  Overlord x3  
  55  7:09  Baneling x2  
  55  7:10  Baneling x2  
  55  7:11  Baneling x2  
  55  7:12  Baneling x2  
  55  8:35  Baneling  
  55  8:36  Baneling x9  
  55  9:47  Baneling x2  
  55  9:48  Baneling x2  
  55  9:49  Baneling x2  
  55  10:47  Baneling x2  
  55  10:48  Baneling x2  
  55  10:49  Baneling x2  
  55  10:50  Baneling x2  
  55  11:05  Zergling x20  
Show
View Real Time Build Order
Export as new Build Order

DuragManny Zerg 

Build Orders: Hatch First 

Get SALT Encoding   

  12  0:01  Drone  
  13  0:13  Overlord  
  13  0:18  Drone  
  14  0:31  Drone x2  
  16  0:52  Hatchery  
  16  0:54  Drone  
  16  0:58  Drone  
  16  1:02  Drone  
  18  1:12  Extractor  
  17  1:18  Spawning Pool  
  17  1:20  Drone  
  17  1:24  Drone  
  18  1:29  Drone  
  19  1:42  Drone  
  20  1:50  Overlord  
  20  2:03  Drone  
  20  2:05  Queen x2  
  20  2:06  Zergling x2  
  26  2:12  Drone  
  27  2:16  Drone  
  27  2:20  Metabolic Boost  
  28  2:23  Drone  
  29  2:30  Drone  
  29  2:34  Drone  
  31  2:41  Queen  
  33  2:46  Baneling Nest  
  32  2:57  Zergling x2  
  32  2:58  Zergling x6  
  36  3:03  Overlord  
  36  3:05  Overlord  
  36  3:24  Drone x7  
  43  3:30  Baneling x3  
  43  3:41  Drone  
  44  3:42  Overlord x3  
  44  3:57  Drone, Roach Warren  
  43  4:06  Zergling x12  
  49  4:11  Extractor  
  49  4:12  Extractor  
  49  4:14  Drone  
Tags
 
Add a new tag
Caveats
  • Supply blocks, unpowered buildings, or Contaminate may cause inaccurate times.
  • Supply counts are checked every 10 seconds.